 Dungeon Crawl Stone Soup version 0.31.0-32-g396128a36d (webtiles) character file.

Game seed: 1328034454127492477

11581 KittyFluff the Grappler (level 11, -2/107 HPs)
             Began as a Troll Shapeshifter on Mar 28, 2024.
             Was a Priest of Trog.
             Slain by a death yak (23 damage)
             ... on level 9 of the Dungeon.
             The game lasted 00:43:56 (7505 turns).

KittyFluff the Grappler (Troll Shapeshifter)        Turns: 7505, Time: 00:43:57

Health: -2/107     AC:  9    Str: 30    XL:     11   Next: 51%
Magic:  0/10       EV: 10    Int:  6    God:    Trog [***...]
Gold:   666        SH:  8    Dex: 11    Spells: 10/10 levels left

rFire   + .          .
                       - Unarmed
rCold   . . .        A - +0 kite shield
rNeg    + . .        Y - +0 acid dragon scales
rPois   .            (helmet currently unavailable)
rElec   .            (cloak currently unavailable)
rCorr   +            (gloves unavailable)
SInv    .            (boots unavailable)
Will    .....        l - amulet of Daisies {Spirit Regen+ Str+4 Slay+2}
Stlth   +            Q - ring of protection from fire
HPRegen 1.97/turn    U - ring of positive energy
MPRegen 0.12/turn

%: guardian spirit
@: beast-form, weakened
A: beast (slay +4), large, unfitting armour, claws 3, regeneration 1, shaggy fur
1, tough skin 1
a: Begin Untransformation, Renounce Religion, Berserk, Trog's Hand


You were on level 9 of the Dungeon.
You worshipped Trog.
Trog was most pleased with you.
You were a hulking beast.
You visited 2 branches of the dungeon, and saw 10 of its levels.
You also visited: Bailey.

You collected 769 gold pieces.
You spent 103 gold pieces at shops.

Inventory:

Hand Weapons
 m - a +0 sling
 D - the +2 mace of Ysteits {protect, ^Fragile rCorr Dex+6 Stlth+}
   (You found it in a bailey)

   Dex+6:     It affects your dexterity (+6).
   rCorr:     It protects you from acid and corrosion.
   ^Fragile:  It will be destroyed if unequipped.
   Stlth+:    It makes you more stealthy.
 S - a +4 morningstar
 X - a +1 flail of protection
Missiles
 e - 21 stones (quivered)
 f - 8 atropa-tipped darts
 s - 47 poisoned darts
 y - 10 curare-tipped darts
 F - 3 javelins
 G - 25 boomerangs
 M - 2 large rocks
 T - a throwing net
Armour
 t - +0 steam dragon scales
 v - +1 gold dragon scales
 A - a +0 kite shield (worn)
 I - a +2 robe of resistance
 Y - +0 acid dragon scales (worn)
 Z - a +1 hat of willpower
Jewellery
 k - a ring of flight
 l - the amulet of Daisies (around neck) {Spirit Regen+ Str+4 Slay+2}
   (You found it in a bailey)

   [amulet of guardian spirit]

   Spirit:    It causes incoming damage to be divided between your reserves of
   health and magic.
   Str+4:     It affects your strength (+4).
   Slay+2:    It affects your accuracy & damage with ranged weapons and melee
   (+2).
   Regen+:    It increases your rate of health regeneration.
 L - a ring of resist corrosion
 O - a ring of positive energy
 P - a ring of protection from fire
 Q - a ring of protection from fire (left claw)
 U - a ring of positive energy (right claw)
Talismans
 c - a beast talisman
 d - a flux talisman
Wands
 a - a wand of roots (9)
 o - a wand of acid (22)
 z - a wand of polymorph (13)
 B - a wand of paralysis (13)
Scrolls
 n - 3 scrolls of poison {unknown}
 p - a scroll of fear {unknown}
 q - a scroll of blinking {unknown}
 u - 3 scrolls of teleportation {unknown}
 w - a scroll of immolation {unknown}
 E - 2 scrolls of enchant weapon {unknown}
 J - a scroll of identify {unknown}
 N - a scroll of enchant armour {unknown}
 R - a scroll of vulnerability {unknown}
 W - a scroll of acquirement {unknown}
Potions
 b - a potion of lignification
 g - 4 potions of resistance {unknown}
 h - 4 potions of brilliance {unknown}
 i - a potion of might {unknown}
 j - a potion of haste {unknown}
 r - 2 potions of heal wounds {unknown}
 x - 4 potions of curing {unknown}
 C - 2 potions of enlightenment {unknown}
 K - 3 potions of attraction {unknown}
 V - a potion of magic {unknown}
Miscellaneous
 H - a phantom mirror


   Skills:
 + Level 6.4 Fighting
 + Level 7.0 Throwing
 + Level 4.7 Armour
 + Level 6.6 Dodging
 + Level 3.1 Shields
 + Level 8.2 Unarmed Combat
 + Level 7.7 Shapeshifting


You had 10 spell levels left.
You didn't know any spells.
Your spell library was empty.

Dungeon Overview and Level Annotations

Branches:
Dungeon (9/15)             Temple (1/1) D:6            Lair (0/5) D:9
 Bailey (visited)
    Orc: D:9-12

Altars:
Ashenzari
Cheibriados
Dithmenos
Elyvilon
Fedhas
Gozag
Hepliaklqana
Kikubaaqudgha
Makhleb
Nemelex Xobeh
Okawaru
Qazlal
Ru
Sif Muna
Trog
Uskayaw
Vehumet
Wu Jian
Xom
Zin
The Shining One

Shops:
D:5 [


Innate Abilities, Weirdness & Mutations

You are a hulking beast.
Your limbs bulge with bestial killing power. (Slay +4)
You are too large for most types of armour.
You have claws for hands.
Your natural rate of healing is unusually fast.
You are covered in fur. (AC +1)
You have tough skin. (AC +1)


Message History

You hear a bellow!
A gnoll bouda comes into view. It is wielding a +0 club.
The death yak gores you!
You barely miss the death yak.
The death yak is almost dead.
The death yak barely misses you.
You claw the death yak!
You kill the death yak!
Trog accepts your kill.
Your Throwing skill increases to level 7!
You barely miss the yak.
The gnoll bouda barks out a call to the hunt!
The yak gores you.
You mangle the yak!!
The yak is severely wounded.
The yak gores you.
You mangle the yak!!
You kill the yak!
Trog accepts your kill.
A gnoll comes into view. It is wielding a +0 spear.
You claw the death yak!
The death yak is lightly wounded.
The death yak gores you.
You claw the death yak!
The death yak is moderately wounded.
A gnoll comes into view. It is wielding a +0 halberd.
The death yak closely misses you.
You claw the death yak!
The death yak is heavily wounded.
The death yak gores you!!
* * * LOW HITPOINT WARNING * * *
You scratch the death yak but do no damage.
The death yak is heavily wounded.
You block the death yak's attack.
You claw the death yak!
The death yak is severely wounded.
The gnoll bouda gazes fiercely through you!
You feel your attacks grow feeble. The death yak gores you!!
You die... ... #.# .. #.# Y.#.# .#.# gg#

#g#
#Y#
#Y#
#h#
#.#
#.#
#.#
#.#
#.#
#.#
###.#
#...#


You could see a death yak, a yak, a gnoll bouda and 2 gnolls.

Vanquished Creatures
  A centaur warrior (D:8)
  2 death yaks (D:9)
  2 two-headed ogres
  A boulder beetle (D:8)
  An orc knight (Bailey)
  A deep elf pyromancer (D:8)
  Maurice (D:7)
  2 hornets (D:8)
  Sigmund (D:2)
  A wraith (D:8)
  5 yaks (D:9)
  2 wyverns
  A steam dragon (D:8)
  An acid dragon (D:8)
  2 water moccasins
  A black bear (D:6)
  6 orc warriors
  A sky beast (D:8)
  3 ice beasts
  2 ogres (D:7)
  4 centaurs
  2 phantoms
  9 kobold brigands
  5 scorpions
  2 bullfrogs
  15 wights
  5 howler monkeys
  4 hounds
  2 bombardier beetles
  2 jellies
  Crazy Yiuf (D:6)
  A gnoll bouda (D:7)
  3 orc priests
  5 iguanas
  3 sleepcaps
  7 orc wizards
  9 gnolls
  7 adders
  A shadow imp (D:8)
  A white imp (D:8)
  2 dart slugs (D:3)
  3 ribbon worms
  37 orcs
  4 bats
  8 endoplasms
  2 giant cockroaches
  6 goblins
  12 hobgoblins
  2 quokkas
  7 ball pythons
  8 frilled lizards
  26 kobolds
  3 rats
245 creatures vanquished.

Vanquished Creatures (others)
  An orc wizard (D:8)
1 creature vanquished.

Grand Total: 246 creatures vanquished

Notes
Turn   | Place    | Note
-------+----------+-------------------------------------------
     0 | D:1      | KittyFluff the Troll Shapeshifter began the quest for the
                  | Orb.
     0 | D:1      | Reached XP level 1. HP: 18/18 MP: 0/0
    96 | D:1      | Reached skill level 1 in Fighting
   222 | D:1      | Reached XP level 2. HP: 27/27 MP: 1/1
   802 | D:2      | Noticed Sigmund
   808 | D:2      | Killed Sigmund
   809 | D:2      | Reached skill level 1 in Throwing
   809 | D:2      | Reached XP level 3. HP: 31/35 MP: 2/2
   809 | D:2      | Reached XP level 4. HP: 37/42 MP: 3/3
   809 | D:2      | Reached XP level 5. HP: 44/49 MP: 4/4
  1274 | D:3      | Identified the +0 buckler "Wiulyavie" {rN+ Dex+2}
  1285 | D:3      | Reached skill level 4 in Unarmed Combat
  1285 | D:3      | Reached XP level 6. HP: 57/57 MP: 5/5
  1308 | D:3      | Found a shimmering altar of Xom.
  1415 | D:3      | Found an iron altar of Okawaru.
  1633 | D:3      | Found a broken altar of Ashenzari.
  1925 | D:4      | Reached XP level 7. HP: 29/66 MP: 6/6
  2270 | D:4      | Identified the +0 scale mail of the Fiend {Rampage Str+3
                  | Int+4}
  2395 | D:5      | Entered Level 5 of the Dungeon
  2465 | D:5      | Found Jiegrek's Antique Armour Boutique.
  2472 | D:5      | Bought a glowing robe for 103 gold pieces
  2723 | D:5      | Reached skill level 5 in Unarmed Combat
  3001 | D:5      | Reached XP level 8. HP: 73/75 MP: 7/7
  3073 | D:5      | Found an ornate altar of the Wu Jian Council.
  3447 | D:6      | Reached skill level 5 in Shapeshifting
  3491 | D:6      | Found a staircase to the Ecumenical Temple.
  3546 | Temple   | Entered the Ecumenical Temple
  3551 | Temple   | Became a worshipper of Trog the Wrathful
  3860 | D:6      | Found a runed translucent door.
  3861 | D:6      | Noticed Crazy Yiuf
  3868 | D:6      | Killed Crazy Yiuf
  4203 | D:6      | Found a stormy altar of Qazlal.
  4203 | D:6      | Found a hazy altar of Hepliaklqana.
  4216 | D:6      | Found a faded altar of an unknown god.
  4222 | D:6      | Found a faded altar of an unknown god.
  4223 | D:6      | Found a sacrificial altar of Ru.
  4338 | D:7      | Found a snail-covered altar of Cheibriados.
  4411 | D:7      | Reached skill level 6 in Unarmed Combat
  4411 | D:7      | Reached XP level 9. HP: 62/84 MP: 8/8
  4415 | D:7      | Reached skill level 1 in Armour
  4603 | D:7      | Reached * piety under Trog
  4785 | D:7      | Found a glowing golden altar of the Shining One.
  5115 | D:7      | Noticed Maurice
  5121 | D:7      | Something stole a ring of protection from fire
  5125 | D:7      | Killed Maurice
  5126 | D:7      | Reached skill level 5 in Throwing
  5126 | D:7      | Reached skill level 5 in Dodging
  5601 | D:8      | Reached skill level 5 in Fighting
  5734 | D:8      | Reached ** piety under Trog
  5829 | D:8      | Found a shimmering blue altar of Sif Muna.
  6053 | D:8      | Reached XP level 10. HP: 96/96 MP: 9/9
  6092 | D:8      | Reached skill level 7 in Unarmed Combat
  6204 | D:8      | Noticed a two-headed ogre
  6213 | D:8      | Killed a two-headed ogre
  6288 | D:8      | Noticed a deep elf pyromancer
  6293 | D:8      | Killed a deep elf pyromancer
  6299 | D:8      | Reached skill level 1 in Shields
  6405 | D:8      | Noticed a centaur warrior
  6416 | D:8      | Killed a centaur warrior
  6497 | D:8      | Noticed a boulder beetle
  6500 | D:8      | Found an ancient bone altar of Kikubaaqudgha.
  6524 | D:8      | Killed a boulder beetle
  6686 | D:9      | Reached XP level 11. HP: 89/105 MP: 10/10
  6793 | D:9      | Found a flagged portal.
  6815 | D:9      | Reached *** piety under Trog
  6888 | Bailey   | Entered a bailey
  7045 | Bailey   | Identified the amulet of Daisies {Spirit Regen+ Str+4
                  | Slay+2}
  7058 | Bailey   | Noticed an orc knight
  7072 | Bailey   | Killed an orc knight
  7120 | Bailey   | Found a burning altar of Makhleb.
  7139 | Bailey   | Identified the +2 mace of Ysteits {protect, ^Fragile rCorr
                  | Dex+6 Stlth+}
  7307 | D:9      | Noticed a two-headed ogre
  7315 | D:9      | Killed a two-headed ogre
  7316 | D:9      | Reached skill level 8 in Unarmed Combat
  7449 | D:9      | Found a staircase to the Lair.
  7449 | D:9      | Noticed a death yak
  7481 | D:9      | Noticed a death yak
  7484 | D:9      | Killed a death yak
  7489 | D:9      | Noticed a death yak
  7497 | D:9      | Killed a death yak
  7505 | D:9      | Slain by a death yak

Illustrated notes

Levels and vault maps discovered:
D:1:      lemuel_arrival_muddy, layout_basic, minmay_lizard_pond
D:2:      minmay_angry_zag, layout_rooms, uniq_sigmund
D:3:      wander_river, layout_rooms, nicolae_overflow_squiral, xom_butterflies
D:4:      layout_cave_pools
D:5:      layout_basic, marbit_many_paths, serial_shops, shop, st_stairs_1
D:6:      layout_loops_ring, chequers_temple_overflow_minitemple,
          minmay_temple_entry_large_hall, grunt_decor_clamped, st_stairs_2,
          kennysheep_generic_room_6, uniq_crazy_yiuf_cottage
D:7:      layout_basic, tso_oasis_becter,
          mainiacjoe_overflow_concentric_impassable, uniq_maurice
D:8:      minmay_the_grid_octo_tiled_squarecenter
          [minmay_the_grid_octo_tetromino_candy, minmay_the_grid_octo_pinwheel,
          minmay_the_grid_octo_vomiting_pacman, minmay_the_grid_octo_focus,
          minmay_the_grid_square_5x5_megaprize_diamond,
          minmay_the_grid_square_5x5_minibox,
          minmay_the_grid_square_5x5_n_small, minmay_the_grid_square_5x5_c,
          minmay_the_grid_square_5x5_half_checkered], layout_loops_ring,
          led_sif_book
D:9:      layout_loops_ring, dpeg_lair_monsters, enter_bailey_4,
          eino_tiny_chamber
Temple:   minmay_freezing_vapour_temple

Skill      XL: |  1  2  3  4  5  6  7  8  9 10 11 |
---------------+----------------------------------+-----
Fighting       | 1 2 3 4 5 6 |  6.4
Throwing       | 1 2 3 4 5 6 7 |  7.0
Dodging        | 2 3 4 5 6 |  6.6
Unarmed Combat | 4 5 6 7 8 |  8.2
Shapeshifting  | 4 5 6 7 |  7.7
Armour         | 2 4 |  4.7
Shields        | 2 3 |  3.1

Action                     |  1- 3 |  4- 6 |  7- 9 | 10-12 || total
---------------------------+-------+-------+-------+-------++-------
  Melee: Unarmed           |    48 |   129 |   262 |   242 ||   681
         Punch             |       |     3 |    13 |     2 ||    18
  Throw: Stone             |     1 |       |    19 |    20 ||    40
 Invoke: Berserk           |       |       |       |     1 ||     1
    Use: Scroll            |       |       |     1 |       ||     1
   Stab: Sleeping          |       |     1 |       |       ||     1
 Armour: Animal skin       |    22 |    67 |    14 |       ||   103
         Robe              |       |       |   162 |       ||   162
         Acid dragon scale |       |       |       |   149 ||   149
  Dodge: Dodged            |    22 |    44 |   111 |    94 ||   271
  Block: Kite shield       |       |       |       |    55 ||    55
